3AAA
SIOUX FALLS RED PANDAS @ HIALEAH DODOS
09/16/2029
 
TOP OF THE 1ST
Sioux Falls Red Pandas batting - Pitching for Hialeah Dodos : LHP Gabriel Herrera
Pitching: LHP Gabriel Herrera
Batting: RHB Rudko Hrnjak 0-0: SINGLE (Line Drive, 4D)
Batting: LHB Francisco Ornelas 0-0: Ball
Throwing error on steal attempt, E2
Rudko Hrnjak to third
1-0: Ball
2-0: Ball
3-0: Base on Balls
Batting: LHB Fa-tang Wang 0-0: Ball
1-0: Foul Ball, location: 2F
1-1: Called Strike
1-2: Ball
2-2: Ball
3-2: Base on Balls
Francisco Ornelas to second
Batting: RHB Russell Jackson 0-0: Ball
1-0: Foul Ball, location: 2F
1-1: Ball
2-1: Ball
3-1: Swinging Strike
3-2: GRAND SLAM HOME RUN (Flyball, 7LD), Distance : 359 ft
Batting: RHB John MacGregor 0-0: Ball
1-0: Called Strike
1-1: Ball
2-1: Foul Ball, location: 2F
2-2: Strikes out looking
Batting: RHB Jay Parker 0-0: Ball
1-0: Ball
2-0: Foul Ball, location: 2F
2-1: Ball
3-1: Foul Ball, location: 2F
3-2: Strikes out swinging
Batting: LHB Magali Lenidas 0-0: Called Strike
0-1: Fly out, F6 (Line Drive, 6M)
Top of the 1st over - 4 runs, 2 hits, 1 error, 0 left on base; Sioux Falls 4 - Hialeah 0
BOTTOM OF THE 1ST
Hialeah Dodos batting - Pitching for Sioux Falls Red Pandas : LHP Pedro Pacheco
Pitching: LHP Pedro Pacheco
Batting: RHB Jorge Salgado 0-0: Ball
1-0: Foul Ball, location: 2F
1-1: Called Strike
1-2: Foul Ball, location: 2F
1-2: Ball
2-2: Foul Ball, location: 2F
2-2: Fly out, F9 (Flyball, 9LS)
Batting: RHB Stephen McManus 0-0: Ball
1-0: SINGLE (Groundball, 34D)
Batting: SHB Javier Gonzáles 0-0: Called Strike
0-1: Ball
1-1: Ball
2-1: Foul Ball, location: 2F
2-2: Grounds into double play, 4-6-3 (Groundball, 4)
Bottom of the 1st over - 0 runs, 1 hit, 0 errors, 0 left on base; Sioux Falls 4 - Hialeah 0
TOP OF THE 2ND
Sioux Falls Red Pandas batting - Pitching for Hialeah Dodos : LHP Gabriel Herrera
Batting: RHB Pancho Salaedo 0-0: SINGLE (Groundball, 3D)
Batting: LHB Augustus Driscoll 0-0: Ground out U3 (Groundball, 3)
Pancho Salaedo to second
Batting: RHB Rudko Hrnjak 0-0: Called Strike
0-1: SINGLE (Groundball, 6MD)
Pancho Salaedo to third
Batting: LHB Francisco Ornelas 0-0: Fly out, F8 (Line Drive, 78M)
Runner from 3rd tags up, SCORES, no throw
Batting: LHB Fa-tang Wang 0-0: Called Strike
0-1: Ball
1-1: Ball
2-1: Ball
3-1: Fly out, F7 (Flyball, 7S)
Top of the 2nd over - 1 run, 2 hits, 0 errors, 1 left on base; Sioux Falls 5 - Hialeah 0
BOTTOM OF THE 2ND
Hialeah Dodos batting - Pitching for Sioux Falls Red Pandas : LHP Pedro Pacheco
Batting: LHB Scott Janousek 0-0: Ball
1-0: Called Strike
1-1: Ball
2-1: SINGLE (Flyball, 78S)
Batting: RHB Kumanosuke Asano 0-0: Ball
1-0: SINGLE (Groundball, 6MD)
Scott Janousek to second
Runner from 2nd tries for 3rd, SAFE, throw made to third
Batting: RHB Aurelio Álvarez Pickoff Throw to First - Out!
0-0: Ball
1-0: Ground out 4-3 (Groundball, 4)
Scott Janousek scores
Batting: LHB Errol Levick 0-0: Ball
1-0: Called Strike
1-1: Ball
2-1: Foul Ball, location: 2F
2-2: Ground out 3-1 (Groundball, 34S)
Bottom of the 2nd over - 1 run, 2 hits, 0 errors, 0 left on base; Sioux Falls 5 - Hialeah 1
TOP OF THE 3RD
Sioux Falls Red Pandas batting - Pitching for Hialeah Dodos : LHP Gabriel Herrera
Batting: RHB Russell Jackson 0-0: Ball
1-0: Called Strike
1-1: Swinging Strike
1-2: Strikes out swinging
Batting: RHB John MacGregor 0-0: Called Strike
0-1: Ball
1-1: Called Strike
1-2: Fly out, F7 (Flyball, 78M)
Batting: RHB Jay Parker 0-0: Called Strike
0-1: Ball
1-1: Called Strike
1-2: SINGLE (Groundball, 34D)
Batting: LHB Magali Lenidas 0-0: Ball
1-0: Ball
2-0: 2-RUN HOME RUN (Flyball, 9LD), Distance : 354 ft
Batting: RHB Pancho Salaedo 0-0: Called Strike
0-1: Called Strike
0-2: Foul Ball, location: 2F
0-2: Ball
1-2: Ball
2-2: Foul Ball, location: 2F
2-2: Strikes out swinging
Top of the 3rd over - 2 runs, 2 hits, 0 errors, 0 left on base; Sioux Falls 7 - Hialeah 1
BOTTOM OF THE 3RD
Hialeah Dodos batting - Pitching for Sioux Falls Red Pandas : LHP Pedro Pacheco
Batting: LHB Cole Thrash 0-0: Ball
1-0: Foul Ball, location: 2F
1-1: Called Strike
1-2: Ball
2-2: Ground out U3 (Groundball, 3)
Batting: RHB Robert Emmet Odlum 0-0: Called Strike
0-1: Ball
1-1: Ball
2-1: Fly out, F9 (Flyball, 9LMF)
Batting: RHB Jorge Salgado 0-0: Called Strike
0-1: SINGLE (Groundball, 3L) (infield hit)
Batting: RHB Stephen McManus 0-0: Ball
Jorge Salgado steals 2nd base
1-0: Foul Ball, location: 2F
1-1: Fly out, F9 (Flyball, 9S)
Bottom of the 3rd over - 0 runs, 1 hit, 0 errors, 1 left on base; Sioux Falls 7 - Hialeah 1
TOP OF THE 4TH
Sioux Falls Red Pandas batting - Pitching for Hialeah Dodos : LHP Gabriel Herrera
Batting: LHB Augustus Driscoll 0-0: Ball
1-0: Ball
2-0: Called Strike
2-1: Ball
3-1: Called Strike
3-2: Strikes out looking
Batting: RHB Rudko Hrnjak 0-0: Called Strike
0-1: Foul Ball, location: 2F
0-2: Ball
1-2: Strikes out swinging
Batting: LHB Francisco Ornelas 0-0: Called Strike
0-1: SINGLE (Groundball, 56D)
Batting: LHB Fa-tang Wang 0-0: Foul Ball, location: 2F
0-1: Ball
1-1: Swinging Strike
1-2: SINGLE (Groundball, 5S) (infield hit)
Francisco Ornelas to second
Pitching: RHP Logan Gregory
Batting: RHB Russell Jackson 0-0: Called Strike
0-1: Foul Ball, location: 2F
0-2: Ball
1-2: Ball
2-2: Foul Ball, location: 2F
2-2: Ball
3-2: Strikes out swinging
Top of the 4th over - 0 runs, 2 hits, 0 errors, 2 left on base; Sioux Falls 7 - Hialeah 1
BOTTOM OF THE 4TH
Hialeah Dodos batting - Pitching for Sioux Falls Red Pandas : LHP Pedro Pacheco
Batting: SHB Javier Gonzáles 0-0: Ball
1-0: Ground out 4-3 (Groundball, 4)
Batting: LHB Scott Janousek 0-0: Ground out 4-3 (Groundball, 4M)
Batting: RHB Kumanosuke Asano 0-0: Ball
1-0: Swinging Strike
1-1: Swinging Strike
1-2: Foul Ball, location: 2F
1-2: Ball
2-2: Fly out, F9 (Line Drive, 9D)
Bottom of the 4th over - 0 runs, 0 hits, 0 errors, 0 left on base; Sioux Falls 7 - Hialeah 1
TOP OF THE 5TH
Sioux Falls Red Pandas batting - Pitching for Hialeah Dodos : RHP Logan Gregory
Batting: RHB John MacGregor 0-0: Ball
1-0: Ball
2-0: Ball
3-0: SINGLE (Flyball, 7S)
Batting: RHB Jay Parker 0-0: DOUBLE (Line Drive, 78D)
John MacGregor to third
Batting: LHB Magali Lenidas 0-0: Ball
1-0: Called Strike
1-1: Swinging Strike
1-2: Strikes out swinging
Batting: RHB Pancho Salaedo 0-0: Ball
1-0: Foul Ball, location: 2F
1-1: Swinging Strike
1-2: Foul Ball, location: 2F
1-2: Ball
2-2: Strikes out swinging
Batting: LHB Augustus Driscoll 0-0: Ground out 4-3 (Groundball, 4)
Top of the 5th over - 0 runs, 2 hits, 0 errors, 2 left on base; Sioux Falls 7 - Hialeah 1
BOTTOM OF THE 5TH
Hialeah Dodos batting - Pitching for Sioux Falls Red Pandas : LHP Pedro Pacheco
Batting: RHB Aurelio Álvarez 0-0: Ball
1-0: Fly out, F9 (Line Drive, 89M)
Batting: LHB Errol Levick 0-0: Called Strike
0-1: Called Strike
0-2: Ball
1-2: Foul Ball, location: 2F
1-2: Ball
2-2: Strikes out swinging
Batting: LHB Cole Thrash 0-0: Called Strike
0-1: Ball
1-1: SINGLE (Groundball, 56D)
Batting: RHB Robert Emmet Odlum 0-0: Ball
1-0: Called Strike
1-1: Ball
2-1: Fielders Choice at 2nd, 6-4 (Groundball, 6)
Bottom of the 5th over - 0 runs, 1 hit, 0 errors, 1 left on base; Sioux Falls 7 - Hialeah 1
TOP OF THE 6TH
Sioux Falls Red Pandas batting - Pitching for Hialeah Dodos : RHP Logan Gregory
Batting: RHB Rudko Hrnjak 0-0: Ball
1-0: Called Strike
1-1: Ball
2-1: Ball
3-1: Swinging Strike
3-2: Foul Ball, location: 2F
3-2: Ground out 5-3 (Groundball, 56S)
Batting: LHB Francisco Ornelas 0-0: Ball
1-0: Called Strike
1-1: Called Strike
1-2: SINGLE (Flyball, 89S)
Batting: LHB Fa-tang Wang 0-0: Ball
1-0: Ball
2-0: Swinging Strike
2-1: Ball
3-1: Base on Balls
Francisco Ornelas to second
Batting: RHB Russell Jackson 0-0: Called Strike
0-1: Called Strike
0-2: Ball
1-2: Ball
2-2: Grounds into double play, 6-4-3 (Groundball, 6D)
Top of the 6th over - 0 runs, 1 hit, 0 errors, 1 left on base; Sioux Falls 7 - Hialeah 1
BOTTOM OF THE 6TH
Hialeah Dodos batting - Pitching for Sioux Falls Red Pandas : LHP Pedro Pacheco
Batting: RHB Jorge Salgado 0-0: Ball
1-0: Ball
2-0: Ball
3-0: Base on Balls
Batting: RHB Stephen McManus 0-0: Ball
1-0: Called Strike
1-1: Called Strike
1-2: Ball
2-2: Ball
3-2: Fly out, F4 (Line Drive, 4)
Batting: SHB Javier Gonzáles 0-0: Ball
1-0: Ground out 5-3 (Groundball, 56S)
Jorge Salgado to second
Batting: LHB Scott Janousek 0-0: Foul Ball, location: 2F
0-1: SINGLE (Groundball, 56D)
Jorge Salgado to third
Runner from 3rd tries for Home, SAFE, no throw
Batting: RHB Kumanosuke Asano 0-0: Fly out, F3 (Popup, 23F)
Bottom of the 6th over - 1 run, 1 hit, 0 errors, 1 left on base; Sioux Falls 7 - Hialeah 2
TOP OF THE 7TH
Sioux Falls Red Pandas batting - Pitching for Hialeah Dodos : RHP Logan Gregory
Batting: RHB John MacGregor 0-0: Ball
1-0: SINGLE (Groundball, 56D)
Batting: RHB Jay Parker 0-0: Ball
1-0: SINGLE (Flyball, 7S)
John MacGregor to second
Batting: LHB Magali Lenidas 0-0: Ball
1-0: Foul Ball, location: 2F
1-1: Swinging Strike
1-2: Ball
2-2: Fielders Choice at 2nd, 4-6 (Groundball, 4M)
John MacGregor to third
Batting: RHB Pancho Salaedo 0-0: Ball
1-0: Swinging Strike
1-1: Ball
2-1: Ball
3-1: Called Strike
3-2: Foul Ball, location: 2F
3-2: Foul Ball, location: 2F
3-2: Base on Balls
Magali Lenidas to second
Pitching: RHP Carlos Martínez
Batting: LHB Augustus Driscoll 0-0: Ball
1-0: Ball
2-0: Ball
3-0: Called Strike
3-1: SINGLE (Flyball, 89M)
John MacGregor scores
Magali Lenidas to third
Pancho Salaedo to second
Batting: RHB Rudko Hrnjak 0-0: Ball
1-0: Called Strike
1-1: SINGLE (Groundball, 6MS) (infield hit)
Magali Lenidas scores
Pancho Salaedo to third
Augustus Driscoll to second
Batting: LHB Francisco Ornelas 0-0: Called Strike
0-1: Ground out 5-3 (Groundball, 56S)
Pancho Salaedo scores
Augustus Driscoll to third
Rudko Hrnjak to second
Batting: LHB Fa-tang Wang 0-0: Called Strike
0-1: Swinging Strike
0-2: Ball
1-2: Strikes out swinging
Top of the 7th over - 3 runs, 4 hits, 0 errors, 2 left on base; Sioux Falls 10 - Hialeah 2
BOTTOM OF THE 7TH
Hialeah Dodos batting - Pitching for Sioux Falls Red Pandas : LHP Pedro Pacheco
Batting: RHB Aurelio Álvarez 0-0: Called Strike
0-1: Swinging Strike
0-2: Ground out 5-3 (Groundball, 56)
Batting: LHB Errol Levick 0-0: Fly out, F7 (Flyball, 78S)
Batting: LHB Cole Thrash 0-0: Foul Ball, location: 2F
0-1: Ball
1-1: Ball
2-1: Ball
3-1: Called Strike
3-2: Fly out, F9 (Line Drive, 89XD)
Bottom of the 7th over - 0 runs, 0 hits, 0 errors, 0 left on base; Sioux Falls 10 - Hialeah 2
TOP OF THE 8TH
Sioux Falls Red Pandas batting - Pitching for Hialeah Dodos : RHP Carlos Martínez
Batting: RHB Russell Jackson 0-0: Called Strike
0-1: Ball
1-1: Ball
2-1: Ball
3-1: Called Strike
3-2: Base on Balls
Pinch Hitting: RHB Hieu De 0-0: Foul Ball, location: 2F
0-1: Ground out 3-1 (Groundball, 34S)
Russell Jackson to second
Batting: RHB Jay Parker 0-0: Ground out 6-3 (Groundball, 6M)
Russell Jackson to third
Batting: LHB Magali Lenidas 0-0: Called Strike
0-1: Ball
1-1: Ball
2-1: Foul Ball, location: 2F
2-2: Strikes out looking
Top of the 8th over - 0 runs, 0 hits, 0 errors, 1 left on base; Sioux Falls 10 - Hialeah 2
BOTTOM OF THE 8TH
Hialeah Dodos batting - Pitching for Sioux Falls Red Pandas : LHP Pedro Pacheco
Pitching: RHP Orlando Uribe
Now at 1B: Hieu De
Batting: RHB Robert Emmet Odlum 0-0: Foul Ball, location: 2F
0-1: Foul Ball, location: 2F
0-2: Strikes out swinging
Batting: RHB Jorge Salgado 0-0: Fly out, F7 (Line Drive, 78S)
Batting: RHB Stephen McManus 0-0: Foul Ball, location: 2F
0-1: Swinging Strike
0-2: Ball
1-2: Foul Ball, location: 2F
1-2: Ball
2-2: Ball
3-2: Base on Balls
Batting: SHB Javier Gonzáles 0-0: Ball
1-0: Ball
2-0: Fly out, F8 (Flyball, 8RD)
Bottom of the 8th over - 0 runs, 0 hits, 0 errors, 1 left on base; Sioux Falls 10 - Hialeah 2
TOP OF THE 9TH
Sioux Falls Red Pandas batting - Pitching for Hialeah Dodos : RHP Carlos Martínez
Batting: RHB Pancho Salaedo 0-0: Ball
1-0: Ball
2-0: Ground out 4-3 (Groundball, 4)
Batting: LHB Augustus Driscoll 0-0: Ball
1-0: Ball
2-0: Swinging Strike
2-1: Fly out, F8 (Flyball, 8LD)
Batting: RHB Rudko Hrnjak 0-0: Ball
1-0: Foul Ball, location: 2F
1-1: Ball
2-1: Ground out 6-3 (Groundball, 6)
Top of the 9th over - 0 runs, 0 hits, 0 errors, 0 left on base; Sioux Falls 10 - Hialeah 2
BOTTOM OF THE 9TH
Hialeah Dodos batting - Pitching for Sioux Falls Red Pandas : RHP Orlando Uribe
Batting: LHB Scott Janousek 0-0: Ball
1-0: Called Strike
1-1: Foul Ball, location: 2F
1-2: Strikes out swinging
Batting: RHB Kumanosuke Asano 0-0: Foul Ball, location: 2F
0-1: Swinging Strike
0-2: Ball
1-2: Foul Ball, location: 2F
1-2: Ball
2-2: Foul Ball, location: 2F
2-2: Reached via error on a dropped throw, E1
Batting: RHB Aurelio Álvarez 0-0: Grounds into double play, 4-6-3 (Groundball, 4)
Bottom of the 9th over - 0 runs, 0 hits, 1 error, 0 left on base; Sioux Falls 10 - Hialeah 2
Tuesday, December 19th, 2017 - OOTP Baseball 18.8 Build 76